 Dungeon Crawl Stone Soup version 0.30.0-29-ga12c61a403 (webtiles) character file.

Game seed: 14592114171819347734

233360 cdecastro the Executioner (level 19, -19/176 (185) HPs)
             Began as a Hill Orc Fighter on June 20, 2023.
             Was a High Priest of Okawaru.
             Killed from afar by a halazid warlock (29 damage)
             ... with a bolt of negative energy
             ... in the Desolation of Salt.
             The game lasted 01:43:38 (40713 turns).

cdecastro the Executioner (Hill Orc Fighter)       Turns: 40713, Time: 01:43:39

HP:   -19/176 (185) AC: 23    Str: 29    XL:     19   Next: 56%
MP:   23/28         EV: 15    Int: 11    God:    Okawaru [*****.]
Gold: 2686          SH: 27    Dex: 10    Spells: 18/18 levels left

rFire   + . .        a - +10 war axe "Gaeto" {drain, Int+3}
rCold   . . .        e - +6 tower shield of Seeriel {rCorr Str+2}
rNeg    . . .        B - +0 swamp dragon scales
rPois   +            k - +0 helmet {SInv}
rElec   .            L - scarf {repulsion}
rCorr   +            O - +2 pair of gloves
SInv    +            o - +1 pair of boots {Stlth+}
Will    +....        u - amulet of regeneration
Stlth   +++          G - +4 ring of protection
HPRegen 1.29/turn    h - ring of protection from fire
MPRegen 0.21/turn

%: repel missiles
@: heroic, finesse-ful, lightly drained
A: no striking features
}: 1/15 runes: serpentine
a: Renounce Religion, Heroism, Finesse, Duel


You were in the Desolation of Salt.
You worshipped Okawaru.
Okawaru was extremely pleased with you.
You visited 7 branches of the dungeon, and saw 32 of its levels.
You also visited: Sewer, Bailey, Ice Cave and Desolation.

You collected 3255 gold pieces.
You spent 569 gold pieces at shops.

Inventory:

Hand Weapons
 a - the +10 war axe "Gaeto" (weapon) {drain, Int+3}
   (You bought it in a shop on level 12 of the Dungeon)

   Int:       It affects your intelligence (+3).
 b - the +8 flail of Isikhin {freeze, rElec rPois Str+5}
   (You found it on level 10 of the Dungeon)

   Str:       It affects your strength (+5).
   rElec:     It insulates you from electricity.
   rPois:     It protects you from poison.
Missiles
 g - 2 datura-tipped darts
 m - 18 boomerangs (quivered)
 y - 2 atropa-tipped darts
 E - 3 javelins
 P - 9 curare-tipped darts
 Z - 5 silver javelins
Armour
 e - the +6 tower shield of Seeriel (worn) {rCorr Str+2}
   (You found it on level 2 of the Swamp)

   Str:       It affects your strength (+2).
   rCorr:     It protects you from acid and corrosion.
 k - a +0 helmet of see invisible (worn)
 o - a +1 pair of boots of stealth (worn)
 B - +0 swamp dragon scales (worn)
 L - a scarf of repulsion (worn)
 O - a +2 pair of gloves (worn)
Jewellery
 h - a ring of protection from fire (right hand)
 u - an amulet of regeneration (around neck)
 G - a +4 ring of protection (left hand)
Wands
 l - a wand of flame (58)
 x - a wand of polymorph (3)
 N - a wand of iceblast (34)
 Q - a wand of mindburst (7)
 W - a wand of acid (13)
Scrolls
 f - 4 scrolls of fear
 j - 4 scrolls of torment
 r - 4 scrolls of poison
 w - 12 scrolls of teleportation
 A - 4 scrolls of blinking
 F - 6 scrolls of immolation
 I - 6 scrolls of magic mapping
 T - 4 scrolls of silence
 U - 5 scrolls of fog
 V - 5 scrolls of vulnerability
Potions
 d - 7 potions of might
 n - 4 potions of haste
 p - a potion of resistance
 t - 12 potions of flight
 v - 6 potions of heal wounds
 D - 10 potions of curing
 H - 3 potions of invisibility
 J - 4 potions of berserk rage
 K - 2 potions of lignification
 M - 5 potions of cancellation
 S - 6 potions of attraction
Miscellaneous
 c - a condenser vane
 i - a lightning rod (4/4)


   Skills:
 - Level 20.1(25.1) Fighting
 - Level 21.4(26.4) Axes
 + Level 8.7(13.7) Throwing
 + Level 8.9(13.9) Armour
 - Level 7.6(12.6) Dodging
 - Level 17.2(22.2) Shields
 - Level 13.3 Invocations
 - Level 11.6 Evocations


You had 18 spell levels left.
You didn't know any spells.
Your spell library contained the following spells:

 Spells                   Type           Power      Damage    Failure   Level
 Necrotise                Necr           0%         1d4       52%         1
 Slow                     Hex            0%         N/A       52%         1
 Sting                    Tmut/Pois      0%         1d3       52%         1
 Cigotuvi's Dreadful Rot  Necr/Pois/Air  0%         N/A       67%         2
 Lesser Beckoning         Tloc           0%         N/A       67%         2
 Poisonous Vapours        Pois/Air       0%         N/A       67%         2
 Static Discharge         Conj/Air       0%         2-2/arc   67%         2
 Confusing Touch          Hex            0%         N/A       88%         3
 Gell's Gravitas          Tloc           0%         N/A       88%         3
 Hailstorm                Conj/Ice       0%         3d3       88%         3
 Ignite Poison            Fire/Tmut/Pois 0%         N/A       88%         3
 Mephitic Cloud           Conj/Pois/Air  0%         N/A       88%         3
 Teleport Other           Tloc           0%         N/A       88%         3
 Vampiric Draining        Necr           0%         2d6       88%         3
 Volatile Blastmotes      Fire/Tloc      0%         2d10      88%         3
 Airstrike                Air            0%         2d(0-16)  99%         4
 Anguish                  Hex/Necr       0%         N/A       99%         4
 Cause Fear               Hex            0%         N/A       99%         4
 Fulminant Prism          Conj/Hex       0%         3d5       99%         4
 Ice Form                 Ice/Tmut       0%         N/A       99%         4
 Iskenderun's Mystic Bla  Conj/Tloc      0%         2d3       99%         4
 Leda's Liquefaction      Hex/Erth       0%         N/A       99%         4
 Manifold Assault         Tloc           0%         N/A       99%         4
 Olgreb's Toxic Radiance  Pois           0%         N/A       99%         4
 Freezing Cloud           Conj/Ice/Air   0%         6-21      100%        5
 Lee's Rapid Deconstruct  Erth           0%         3d4*      100%        5
 Dispersal                Tloc           0%         N/A       100%        6
 Eringya's Noxious Bog    Tmut/Pois      0%         N/A       100%        6
 Statue Form              Tmut/Erth      0%         N/A       100%        6
 Enfeeble                 Hex            0%         N/A       100%        7
 Disjunction              Tloc           0%         N/A       100%        8
 Summon Lightning Spire   Summ/Air       Unusable   N/A       N/A         4
 Summon Forest            Summ/Tloc      Unusable   N/A       N/A         5
 Simulacrum               Ice/Necr       Unusable   N/A       N/A         6
 Malign Gateway           Summ/Tloc      Unusable   N/A       N/A         7
 Summon Hydra             Summ           Unusable   N/A       N/A         7
 Infestation              Necr           Unusable   N/A       N/A         8

Dungeon Overview and Level Annotations

Branches:
Dungeon (15/15)            Temple (1/1) D:5            Lair (5/5) D:10
  Swamp (4/4) Lair:3        Snake (4/4) Lair:3        Slime (0/5) Lair:5
    Orc (2/2) D:9             Elf (1/3) Orc:2        Vaults (0/5) D:13
 Depths (0/4) D:15          Sewer (visited)          Bailey (visited)
  IceCv (visited)         Desolation (1/1)

Altars:
Ashenzari
Cheibriados
Dithmenos
Elyvilon
Fedhas
Gozag
Hepliaklqana
Kikubaaqudgha
Makhleb
Nemelex Xobeh
Okawaru
Qazlal
Ru
Sif Muna
Trog
Uskayaw
Vehumet
Wu Jian
Xom
Yredelemnul
Zin
The Shining One
Beogh
Jiyva

Shops:
D:5 !   D:8 =   D:12 (   D:15 (   Orc:2 ([([   Snake:2 *

Portals:
Bazaar: D:12

Annotations:
D:12 bazaar, Frances
Swamp:3 Jorgrun
Swamp:4 Kirke, Lernaean hydra


Message History

You barely miss the ragged hierophant.
The ragged hierophant is moderately wounded.
You hit the saltling. You completely miss the saltling.
You block the saltling's attack.
Unknown command.
You feel much better. You block the saltling's attack.
The halazid warlock casts a spell.
You block the ragged hierophant's attack.
You block the saltling's attack.
You barely miss the ragged hierophant.
The ragged hierophant is moderately wounded.
You slice the saltling!!
You destroy the saltling!
Okawaru accepts your kill.
You slash the saltling!
The saltling dissolves into shadows!
You block the saltling's attack.
You slash the ragged hierophant! You drain the ragged hierophant.
The ragged hierophant is heavily wounded.
You slice the saltling!!
You destroy the saltling!
Okawaru accepts your kill.
The ragged hierophant casts a spell at you.
A blast of power from the earth strikes you!
* * * LOW HITPOINT WARNING * * *
You slice the ragged hierophant!!
The ragged hierophant is almost dead.
Unknown command.
Press: ? - help, v - describe, . - travel
Here: a halazid warlock (sheltered from injuries)
The floor.
Unknown command.
Unknown command.
Okay, then.
Unknown command.
Unknown command.
The ragged hierophant gestures wildly while chanting.
The ragged hierophant begins to accept its allies' injuries.
The halazid warlock points at you and mumbles some strange words.
The bolt of negative energy hits you!!
You feel drained.
You die...

....................
..p..9...........§...§§.
..p9..9..........§.§..§.
...99...........##...§§.
#L..a..........§.§....
.##..)..........§§§§§...
.....(.∩.......§§§§§....
(..(..))).....))).§§§...
(((....@)...............
.......a)...............
.........)..............
(.......................
......)..##..).....§....
........).........§.§...
..........§......§§§§...
...#...........§.§§§§...
....#........§...§......


You could see 2 ragged hierophants, a halazid warlock (sheltered), 2 ironbound
convokers, a peacekeeper (summoned, sheltered) and 4 saltlings.

Vanquished Creatures
  A tentacled monstrosity (Swamp:3)
  Agnes (D:15)
  Roxanne (Snake:2)
  4 nagarajas
  3 frost giants
  Louise (Arena)
  Aizul (Snake:1)
  An orc warlord (Orc:2)
  A stone giant (D:15)
  3 eleionomae
  Azrael (D:12)
  A deep elf annihilator (Elf:1)
  5 bunyips
  A white draconian (IceCv)
  A crystal guardian (Desolation)
  Snorg (Lair:3)
  2 shambling mangroves
  The ghost of turdburglar the Grappler, a journeyman TrFi of Dithmenos (D:10)
  A fire dragon (Lair:3)
  6 ragged hierophants (Desolation)
  4 vault guards (D:13)
  3 salamander tyrants (Snake:4)
  7 servants of whispers (Desolation)
  A rakshasa (D:10)
  An ice dragon (IceCv)
  16 hydras
  A ghost crab (Swamp:2)
  An ogre mage (D:10)
  A spriggan air mage (Swamp:4)
  Erolcha (Orc:1)
  4 ironbound frosthearts (IceCv)
  5 peacekeepers (Desolation)
  6 catoblepae
  2 boulder beetles
  3 two-headed ogres
  3 tengu warriors
  7 centaur warriors
  11 anacondas
  9 alligators
  2 spriggan berserkers (Swamp:4)
  12 naga warriors
  12 death yaks
  10 shock serpents
  7 naga sharpshooters
  An orc high priest (Orc:2)
  Sonja (D:11)
  4 deep elf knights
  Amaemon (D:10)
  8 salamander mystics
  4 skeletal warriors (D:14)
  3 goliath frogs (Swamp:2)
  A skyshark (Lair:2)
  2 swamp dragons
  An obsidian statue (D:12)
  A spriggan druid (Swamp:1)
  8 naga ritualists
  Pikel (D:9)
  An orange crystal statue (IceCv)
  A bog body (Swamp:2)
  A deep elf archer (Elf:1)
  2 ironbound convokers (Desolation)
  8 mana vipers
  4 deep elf pyromancers
  6 orc knights
  2 orc sorcerers (Orc:2)
  34 salamanders
  A wolf spider (D:15)
  8 deep elf zephyrmancers
  20 ugly things
  5 manticores
  A will-o-the-wisp (Swamp:3)
  3 cyclopes
  12 elephants
  22 naga magi
  26 black mambas
  7 guardian serpents
  An orange demon (D:10)
  10 cane toads
  2 gargoyles
  7 komodo dragons
  2 unseen horrors
  3 kobold demonologists
  21 rime drakes
  2 efreet
  A tengu conjurer (D:14)
  9 hornets
  11 trolls
  16 polar bears
  23 blink frogs
  5 dream sheep (Lair:4)
  4 tyrant leeches
  55 saltlings (Desolation)
  14 slime creatures (D:14)
  A shadow (D:10)
  7 spriggans
  A vampire (D:13)
  6 wyverns
  4 fire elementals
  2 wraiths
  3 fire bats (Lair:3)
  54 yaks
  4 basilisks
  A hog (Swamp:4)
  3 steam dragons
  7 humans (D:13)
  8 vampire mosquitoes
  3 wargs
  7 swamp worms
  28 nagas
  15 water moccasins
  2 hell hounds (D:12)
  4 acid dragons
  5 swamp drakes
  4 ice beasts
  30 orc warriors
  A black bear (Lair:2)
  4 sky beasts
  21 wolves
  9 ogres
  12 centaurs
  A phantom (D:4)
  4 lemures
  4 kobold brigands
  9 bullfrogs
  4 scorpions
  An earth elemental (Elf:1)
  22 wights
  6 killer bees (D:8)
  3 electric eels
  A howler monkey (D:8)
  3 lava snakes
  2 hounds
  21 orc priests
  2 gnoll boudas
  5 iguanas
  2 sleepcaps
  26 orc wizards
  3 hell rats
  Robin (D:2)
  5 adders
  17 gnolls
  10 river rats
  A shadow imp (D:7)
  A worm (D:5)
  A dart slug (D:1)
  92 orcs
  A bat (D:1)
  5 endoplasms
  6 giant cockroaches
  13 hobgoblins
  23 kobolds
  5 quokkas
  8 ball pythons
  3 frilled lizards
  23 goblins
  9 rats
1141 creatures vanquished.

Vanquished Creatures (others)
  A shock serpent (Snake:3)
  A black mamba (Snake:1)
  A human (D:13)
  A naga (Snake:4)
  An orc wizard (Orc:2)
5 creatures vanquished.

Grand Total: 1146 creatures vanquished

Notes
Turn   | Place    | Note
-------+----------+-------------------------------------------
     0 | D:1      | cdecastro the Hill Orc Fighter began the quest for the Orb.
     0 | D:1      | Reached XP level 1. HP: 19/19 MP: 1/1
    46 | D:1      | Reached skill level 3 in Axes
   166 | D:1      | Reached XP level 2. HP: 27/27 MP: 2/2
   457 | D:1      | Found a faded altar of an unknown god.
   535 | D:1      | Reached XP level 3. HP: 33/34 MP: 3/3
   791 | D:2      | Reached skill level 4 in Axes
   850 | D:2      | Noticed Robin
   871 | D:2      | Killed Robin
   875 | D:2      | Reached XP level 4. HP: 21/40 MP: 4/4
  1312 | D:3      | Reached skill level 5 in Fighting
  1457 | D:3      | Reached skill level 5 in Axes
  1457 | D:3      | Reached XP level 5. HP: 39/48 MP: 5/5
  1833 | D:3      | Noticed an ogre
  1837 | D:3      | HP: 2/48 [ogre/+0 giant club (19)]
  2137 | D:4      | Noticed an ogre
  2153 | D:4      | Killed an ogre
  2154 | D:4      | Reached skill level 6 in Axes
  2154 | D:4      | Reached XP level 6. HP: 9/57 MP: 6/6
  2350 | D:4      | HP: 2/57 [poisoned by a goblin]
  2675 | D:4      | Got the Handbook of the Door
  2976 | D:3      | Reached skill level 7 in Axes
  2976 | D:3      | Reached XP level 7. HP: 42/66 MP: 7/7
  3757 | D:5      | Entered Level 5 of the Dungeon
  3770 | D:5      | Reached skill level 8 in Axes
  3809 | D:5      | Found a white marble altar of Elyvilon.
  3815 | D:5      | Found an iron altar of Okawaru.
  4073 | D:5      | Reached XP level 8. HP: 63/75 MP: 8/8
  4101 | D:5      | Became a worshipper of Warmaster Okawaru
  4224 | D:5      | Identified the +1 robe of Qeonk {Rampage rPois rC+ Str+3}
  4236 | D:5      | Found a shadowy altar of Dithmenos.
  4238 | D:5      | Found an ancient bone altar of Kikubaaqudgha.
  4441 | D:5      | Found a glowing drain.
  4462 | Sewer    | Entered a sewer
  4527 | Sewer    | Reached skill level 9 in Axes
  4594 | D:5      | Found a staircase to the Ecumenical Temple.
  4780 | D:5      | Found Kimiliu's Distillery.
  4790 | D:5      | Bought a potion of berserk rage for 60 gold pieces
  4790 | D:5      | Bought a potion of heal wounds for 60 gold pieces
  4790 | D:5      | Bought a potion of lignification for 36 gold pieces
  4790 | D:5      | Bought a potion of might for 48 gold pieces
  4899 | D:6      | Found a sacrificial altar of Ru.
  5122 | D:6      | Found a shimmering blue altar of Sif Muna.
  5350 | D:6      | Found an opulent altar of Gozag.
  5546 | D:7      | Reached skill level 10 in Axes
  5552 | D:7      | Reached * piety under Okawaru
  5553 | D:7      | Reached skill level 10 in Fighting
  5553 | D:7      | Reached XP level 9. HP: 56/85 MP: 9/9
  5695 | D:7      | Reached skill level 11 in Axes
  5969 | D:7      | Reached ** piety under Okawaru
  6346 | D:7      | Reached skill level 12 in Axes
  6408 | D:7      | Found a broken altar of Ashenzari.
  6607 | D:7      | Reached skill level 1 in Invocations
  6680 | D:8      | Reached *** piety under Okawaru
  6713 | D:8      | Reached XP level 10. HP: 97/97 MP: 12/12
  6931 | D:8      | Found Aseekkoo's Jewellery Emporium.
  7146 | D:8      | Reached skill level 13 in Axes
  7652 | D:9      | Noticed Pikel
  8419 | D:9      | Reached skill level 14 in Axes
  8426 | D:9      | Found a staircase to the Orcish Mines.
  8453 | D:9      | You fall into a shaft and drop 3 floors!
  8453 | D:12     | Found a stormy altar of Qazlal.
  8455 | D:12     | Noticed a deep elf pyromancer
  8466 | D:12     | Killed a deep elf pyromancer
  8611 | D:12     | Noticed a cyclops
  8615 | D:12     | Killed a cyclops
  8678 | D:12     | Noticed a manticore
  8690 | D:12     | Killed a manticore
  8690 | D:12     | Reached **** piety under Okawaru
  8691 | D:12     | Reached XP level 11. HP: 62/110 MP: 13/13
  8816 | D:12     | Noticed a cyan ugly thing
  8828 | D:12     | Killed a cyan ugly thing
  9070 | D:12     | Reached skill level 15 in Fighting
  9266 | D:12     | Found Areushr Ylil's Antique Weapon Shop.
  9330 | D:12     | Noticed Azrael
  9349 | D:12     | Killed Azrael
  9673 | D:12     | Noticed Frances
  9677 | D:12     | Noticed a sixfirhy
 10038 | D:10     | Entered Level 10 of the Dungeon
 10038 | D:10     | Noticed Amaemon
 10063 | D:10     | Killed Amaemon
 10129 | D:10     | Found a staircase to the Lair.
 10174 | D:10     | Received a gift from Okawaru
 10214 | D:10     | Found a runed translucent door.
 10214 | D:10     | Noticed turdburglar's ghost (journeyman TrFi)
 10256 | D:10     | Found a flagged portal.
 10266 | Bailey   | Entered a bailey
 10415 | Bailey   | Noticed an orc knight
 10430 | Bailey   | Killed an orc knight
 10477 | Bailey   | Noticed an orc knight
 10485 | Bailey   | Killed an orc knight
 10683 | Bailey   | Found an iron altar of Okawaru.
 10692 | Bailey   | Reached skill level 5 in Invocations
 10693 | Bailey   | Reached XP level 12. HP: 87/125 MP: 12/16
 10714 | Bailey   | Identified the +10 falchion "Ocolueha" {venom, rCorr Int+2}
 11259 | D:10     | Identified the +8 flail of Isikhin {freeze, rElec rPois
                  | Str+5}
 11293 | D:10     | Noticed a rakshasa
 11293 | D:10     | Noticed a centaur warrior
 11293 | D:10     | Noticed a centaur warrior
 11293 | D:10     | Noticed an ogre mage
 11400 | D:9      | Found a blossoming altar of Fedhas.
 11510 | D:9      | Killed Pikel
 11657 | D:9      | Found a glowing golden altar of the Shining One.
 12014 | D:10     | Reached ***** piety under Okawaru
 12033 | D:10     | Killed a rakshasa
 12291 | D:10     | Noticed a frost giant
 12307 | D:10     | Killed a frost giant
 12308 | D:10     | Noticed a centaur warrior
 12311 | D:10     | Killed a centaur warrior
 12311 | D:10     | Received a gift from Okawaru
 12503 | D:10     | Got Sif Muna's Notes on Debased Arts and Location
 12626 | D:10     | Killed a centaur warrior
 12643 | D:10     | Killed a centaur warrior
 12735 | D:10     | Killed an ogre mage
 12736 | D:10     | Reached skill level 10 in Invocations
 13094 | D:10     | Found a hide-covered altar of Uskayaw.
 13313 | D:11     | Noticed a two-headed ogre
 13320 | D:11     | Killed a two-headed ogre
 13429 | D:11     | Noticed Sonja
 13439 | D:11     | Killed Sonja
 13440 | D:11     | Reached XP level 13. HP: 108/137 MP: 21/21
 14887 | D:12     | Found a gateway to a bazaar.
 15620 | D:13     | Received a gift from Okawaru
 16014 | D:13     | Noticed a vault guard
 16027 | D:13     | Killed a vault guard
 16027 | D:13     | Reached ****** piety under Okawaru
 16027 | D:13     | Noticed a vault guard
 16034 | D:13     | Noticed a vault guard
 16044 | D:13     | Killed a vault guard
 16047 | D:13     | Noticed a vault guard
 16071 | D:13     | Killed a vault guard
 16078 | D:13     | Killed a vault guard
 16300 | D:13     | Found a gate to the Vaults.
 16397 | D:12     | Bought an ichor-stained war axe for 297 gold pieces
 16397 | D:12     | Identified the +10 war axe "Gaeto" {drain, Int+3} (You
                  | bought it in a shop on level 12 of the Dungeon)
 16481 | D:14     | Reached skill level 15 in Axes
 17028 | D:14     | Reached skill level 5 in Armour
 17317 | D:14     | Reached XP level 14. HP: 93/148 MP: 23/23
 17327 | D:14     | Reached skill level 16 in Axes
 18157 | D:15     | Entered Level 15 of the Dungeon
 18182 | D:15     | Noticed Agnes
 18200 | D:15     | Killed Agnes
 18200 | D:15     | Received a gift from Okawaru
 18468 | D:15     | Reached skill level 5 in Shields
 18671 | D:15     | Found Xofisher's Weapon Emporium.
 19181 | D:15     | Found a staircase to the Depths.
 19181 | D:15     | Noticed a stone giant
 19188 | D:15     | Killed a stone giant
 19543 | D:12     | Reached skill level 17 in Axes
 19685 | Temple   | Entered the Ecumenical Temple
 19827 | D:10     | Killed turdburglar's ghost
 19981 | Orc:1    | Entered Level 1 of the Orcish Mines
 19981 | Orc:1    | Found a roughly hewn altar of Beogh.
 20199 | Orc:2    | Entered Level 2 of the Orcish Mines
 20211 | Orc:2    | Identified the +0 broad axe of Resourcefulness {vamp, rN+
                  | rCorr Str-2} (Okawaru gifted it to you on level 2 of the
                  | Orcish Mines)
 20211 | Orc:2    | Received a gift from Okawaru
 20282 | Orc:2    | Found a roughly hewn altar of Beogh.
 20483 | Orc:2    | Found a roughly hewn altar of Beogh.
 20507 | Orc:2    | Found Quti's Antique Weapon Boutique.
 20733 | Orc:1    | Noticed Erolcha
 20836 | Orc:1    | Killed Erolcha
 21072 | Orc:2    | Noticed an orc warlord
 21088 | Orc:2    | Killed an orc warlord
 21091 | Orc:2    | Found Aras's Antique Armour Shop.
 21091 | Orc:2    | Found a roughly hewn altar of Beogh.
 21098 | Orc:2    | Found Nasen's Antique Weapon Boutique.
 21300 | Orc:2    | Reached skill level 18 in Axes
 21408 | Orc:2    | Found a roughly hewn altar of Beogh.
 21451 | Orc:2    | Found a roughly hewn altar of Beogh.
 21451 | Orc:2    | Found Vutiw's Armour Shop.
 21710 | Orc:2    | Found a roughly hewn altar of Beogh.
 21791 | Orc:2    | Found a staircase to the Elven Halls.
 21823 | Orc:2    | Found a roughly hewn altar of Beogh.
 21916 | Lair:1   | Entered Level 1 of the Lair of Beasts
 22716 | Lair:2   | Reached XP level 15. HP: 155/155 MP: 24/24
 22723 | Lair:2   | Identified the scarf of Spring Thaw {harm, rF- Will++ Str-5
                  | Dex+3} (Okawaru gifted it to you on level 2 of the Lair of
                  | Beasts)
 22723 | Lair:2   | Received a gift from Okawaru
 22925 | Lair:2   | Reached skill level 19 in Axes
 22935 | Lair:2   | Reached skill level 10 in Shields
 23665 | Lair:3   | Noticed Snorg
 23674 | Lair:3   | Killed Snorg
 23756 | Lair:3   | Found a staircase to the Swamp.
 23784 | Lair:3   | Found a staircase to the Snake Pit.
 24710 | Lair:3   | Reached skill level 1 in Dodging
 25725 | Lair:4   | You fall into a shaft and drop 1 floor!
 25725 | Lair:5   | Entered Level 5 of the Lair of Beasts
 25775 | Lair:5   | Reached skill level 20 in Axes
 26189 | Lair:5   | Found a viscous altar of Jiyva.
 26193 | Lair:5   | Found a staircase to the Slime Pits.
 26258 | Lair:5   | Received a gift from Okawaru
 27062 | Lair:5   | Identified the +8 spear "Wuxkol" {heavy, rF+ rN+ Stlth+}
 27198 | Lair:5   | Reached skill level 5 in Dodging
 27216 | Lair:5   | Reached XP level 16. HP: 162/162 MP: 25/25
 27340 | Lair:5   | Reached skill level 21 in Axes
 27763 | Lair:5   | Identified the -2 pair of gloves of Card Tricks {Dex+3}
                  | (Okawaru gifted it to you on level 5 of the Lair of Beasts)
 27763 | Lair:5   | Received a gift from Okawaru
 28267 | Swamp:1  | Entered Level 1 of the Swamp
 28381 | Swamp:1  | Reached skill level 1 in Throwing
 29813 | Swamp:2  | Identified the +6 tower shield of Seeriel {rCorr Str+2}
 29866 | Swamp:2  | HP: 5/162 [acid (5)]
 30699 | Swamp:3  | Noticed a tentacled monstrosity
 30712 | Swamp:3  | Killed a tentacled monstrosity
 30716 | Swamp:3  | Found a frozen archway.
 30729 | IceCv    | Entered an ice cave
 30858 | IceCv    | Reached skill level 5 in Throwing
 30993 | IceCv    | Received a gift from Okawaru
 31223 | IceCv    | Reached XP level 17. HP: 143/170 MP: 26/26
 32914 | Swamp:3  | Received a gift from Okawaru
 32929 | Swamp:3  | Noticed Jorgrun
 32951 | Swamp:3  | Reached skill level 1 in Evocations
 32975 | Swamp:4  | Entered Level 4 of the Swamp
 33026 | Swamp:4  | Received a gift from Okawaru
 33663 | Swamp:4  | Noticed Kirke
 33685 | Swamp:4  | Noticed the 27-headed Lernaean hydra
 33793 | Snake:1  | Entered Level 1 of the Snake Pit
 33959 | Snake:1  | Reached skill level 5 in Evocations
 33965 | Snake:1  | Noticed Aizul
 33980 | Snake:1  | Killed Aizul
 34093 | Snake:1  | Identified the +1 battleaxe of Fuuru {flame, Int+5 Dex+3}
 34135 | Snake:1  | Noticed Louise
 34145 | Arena    | Entered the Arena
 34150 | Arena    | Killed Louise
 35208 | Snake:2  | Received a gift from Okawaru
 35320 | Snake:2  | Noticed Roxanne
 35441 | Snake:2  | Reached XP level 18. HP: 112/178 MP: 24/27
 35666 | Snake:2  | Found Daus Roe's General Store.
 35672 | Snake:2  | Bought a scroll of amnesia for 68 gold pieces
 35682 | Snake:2  | Found a bloodstained altar of Trog.
 35910 | Snake:2  | Reached skill level 15 in Shields
 36676 | Snake:3  | Received a gift from Okawaru
 37154 | Snake:3  | Received a gift from Okawaru
 37347 | Snake:3  | Received a gift from Okawaru
 37875 | Snake:4  | Entered Level 4 of the Snake Pit
 37890 | Snake:4  | Received a gift from Okawaru
 38176 | Snake:3  | Reached skill level 10 in Evocations
 39199 | Snake:4  | Got a serpentine rune of Zot
 39498 | Snake:2  | Killed Roxanne
 39499 | Snake:2  | Reached XP level 19. HP: 111/185 MP: 28/28
 40106 | Elf:1    | Entered Level 1 of the Elven Halls
 40295 | Elf:1    | Received a gift from Okawaru
 40350 | Elf:1    | Found a crumbling gateway.
 40359 | Desolati | Entered the Desolation of Salt
 40596 | Desolati | Received a gift from Okawaru
 40706 | Desolati | HP: 9/185 [ragged hierophant/a resonance strike (17)]
 40711 | Desolati | HP: 8/185 [ragged hierophant/a resonance strike (17)]
 40713 | Desolati | Killed from afar by a halazid warlock

Illustrated notes

Levels and vault maps discovered:
D:1:      elethiomel_arrival_infinity_welcomes_careful_drivers, layout_basic,
          shapermc_ecumenical_altar_acropolis
D:2:      layout_rooms, dreamdust_princess_bridge, uniq_robin
D:3:      wad_lake_hut, layout_rooms
D:4:      layout_gridville
D:5:      layout_gridville, mainiacjoe_overflow_tiny_flanked,
          chequers_temple_overflow_statue_of_worship, okawaru_trees_1,
          minmay_temple_entry_enclosed_plants, serial_shops,
          nicolae_lakefront_shop, cheibrodos_sewer_entry_bend,
          corexii_leaking_fountain
D:6:      layout_rooms, grunt_gozag_statues, lemuel_blue_sif_altar,
          nicolae_overflow_hidden_temple
D:7:      layout_rooms, ashenzari_conservatory_becter
D:8:      layout_rooms, serial_shops, shop
D:9:      layout_cave_pools, fedhas_altar_1, nicolae_tso_swordbearing_angel,
          erik_orc_4, serial_glass, glass_columns_a, glass_columns_c, uniq_pikel
D:10:     minmay_shrinking_squares, layout_cave_pools, marbit_many_paths,
          hellmonk_lair_entry_icy, ebering_ghost_reflecting_pool,
          serial_column_ruins, column_ruins_hut_water, column_ruins_open_small,
          column_ruins_grid_1, column_ruins_columns_dead_end,
          column_ruins_open_medium, column_ruins_columns_straight,
          enter_bailey_2, uniq_amaemon
D:11:     layout_basic, kennysheep_nondescript, uniq_sonja
D:12:     layout_stronghold, serial_shops, statue_bzr, nicolae_take_the_stairs,
          hangedman_abyss_or_decor_passed, nicolae_qazlal_scattered_showers,
          uniq_frances, uniq_azrael
D:13:     layout_basic, ximxim_vaults_locker_room, serial_park_tiny_2
D:14:     layout_long_grid, hangedman_abyss_or_decor_lesser_grid
D:15:     grunt_enter_depths_snipers, layout_cave_pods, serial_shops,
          shop_statue, nicolae_eternal_life, nicolae_figureground_pulse,
          uniq_agnes
Temple:   minmay_freezing_vapour_temple
Lair:1:   layout_gridlike, kennysheep_rathole, grunt_megastairs_3
Lair:2:   layout_chaotic_city, serial_bayou_shore_a
Lair:3:   dragon1_lemuel, layout_gridlike, swamp_mist,
          nicolae_snake_entry_squirm, st_stairs_7, uniq_snorg
Lair:4:   layout_loops_ring, grunt_megastairs_2, serial_bayou_shore_b
Lair:5:   evilmike_catoblepas_cave, layout_big_grid, dpeg_slime_entry_corner
Swamp:1:  layout_basic_swamp, evilmike_swamp_ruin_wall, swamp_pool1
Swamp:2:  layout_basic_swamp, hangedman_swamp_lotus, swamp_pool3
Swamp:3:  nzn_winding_woodlands_cross [nzn_winding_woodlands_5x15_default,
          nzn_winding_woodlands_5x15_river_crossing,
          nzn_winding_woodlands_5x15_default, nzn_winding_woodlands_5x15_cabin,
          nzn_winding_woodlands_15x15_boxy_spiral], layout_basic_swamp,
          portal_ice_cave_entry_pillars_three, evilmike_swamp_ruin_house_4,
          uniq_jorgrun, uniq_mara
Swamp:4:  swamp_old_school, layout_basic_swamp, uniq_kirke
Snake:1:  layout_chambers, uniq_louise, uniq_aizul
Snake:2:  cheibrodos_snake_ritualist_ritual, layout_layer_cave, basic_altar,
          nicolae_snake_salamander_zone, lemuel_fruit_tree, minmay_shop_star,
          uniq_roxanne
Snake:3:  layout_layer_cave
Snake:4:  snake_pit, layout_grid_shapes
Orc:1:    layout_diamond_mine, basic_altar, uniq_erolcha
Orc:2:    grunt_orc_community_town_hall, layout_caves,
          grunt_orc_community_big_house_1, grunt_orc_community_big_house_1,
          grunt_orc_community_house_3, grunt_orc_community_house_2,
          grunt_orc_community_house_3, grunt_orc_community_house_3,
          grunt_orc_community_house_3, rock_pile
Elf:1:    elf_arrival_002, layout_geoelf_diagonals, serial_shops,
          shop_fountains, portal_desolation_entry_nicolae_forbidding_blocks,
          hangedman_elf_disciples
Desolation

Skill      XL: |  1  2  3  4  5  6  7  8  9 10 11 12 13 14 15 16 17 18 19 |
---------------+----------------------------------------------------------+-----
Axes           | 3 4 5 6 7 8 10 12 14 15 18 20 21 | 21.4
Fighting       | 4 5 6 7 8 10 12 14 17 19 20 | 20.1
Invocations    | 2 5 10 13 | 13.3
Armour         | 6 8 |  8.9
Shields        | 9 10 11 14 16 17 | 17.2
Dodging        | 5 7 |  7.6
Throwing       | 6 7 8 |  8.7
Evocations     | 7 11 | 11.6

Action                     |  1- 3 |  4- 6 |  7- 9 | 10-12 | 13-15 | 16-18 | 19-21 || total
---------------------------+-------+-------+-------+-------+-------+-------+-------++-------
  Melee: War axe           |    98 |   171 |   301 |   550 |   968 |  1161 |   199 ||  3448
         Flail             |       |       |       |       |    19 |    40 |       ||    59
  Throw: Boomerang         |       |       |       |     4 |    22 |    37 |    75 ||   138
         Dart              |       |       |       |     2 |       |       |     4 ||     6
         Javelin           |       |       |       |       |     1 |       |     7 ||     8
 Invoke: Heroism           |       |       |       |    14 |    10 |    10 |     5 ||    39
         Finesse           |       |       |       |     4 |     1 |       |     3 ||     8
         Duel              |       |       |       |       |       |     1 |       ||     1
  Evoke: Wand              |       |       |     1 |     2 |     2 |     7 |       ||    12
    Use: Scroll            |       |       |       |     4 |    22 |    10 |       ||    36
         Potion            |       |       |       |       |     1 |     2 |     3 ||     6
   Stab: Petrified         |       |       |       |       |       |     5 |       ||     5
         Petrifying        |       |       |       |       |       |     1 |       ||     1
         Sleeping          |       |       |       |       |       |     4 |       ||     4
         Distracted        |       |       |       |       |       |     1 |       ||     1
 Armour: Scale mail        |    47 |    24 |       |       |       |       |       ||    71
         Plate armour      |       |    57 |   161 |   329 |   432 |   176 |       ||  1155
         Swamp dragon scal |       |       |       |       |       |   144 |    42 ||   186
         Ice dragon scales |       |       |       |       |       |     4 |       ||     4
  Dodge: Dodged            |    41 |    48 |    67 |   194 |   186 |   296 |    97 ||   929
         Repelled          |       |       |       |       |       |     7 |     5 ||    12
  Block: Buckler           |    19 |    54 |    44 |   118 |    11 |       |       ||   246
         Kite shield       |       |       |       |       |   465 |   150 |       ||   615
         Tower shield      |       |       |       |       |       |  1121 |   246 ||  1367
